[Event "European Women-ch 2023"]
[Site "Petrovac"]
[Date "2023.03.27"]
[Round "9.26"]
[White "Abdinova, Narmin"]
[Black "Lazarne Vajda, Szidonia"]
[Result "0-1"]
[ECO "D11"]
[WhiteElo "2090"]
[BlackElo "2294"]
[Annotator "TA"]
[PlyCount "114"]
[EventDate "2023.03.15"]
[EventType "swiss"]
[EventCountry "MNE"]
[SourceTitle "playchess.com"]
[Source "ChessBase"]
[SourceQuality "1"]
[TimeControl "40/5400+30:1800+30"]

1. d4 d5 2. c4 c6 3. Nf3 Nf6 4. g3 Bf5 5. Nc3 e6 6. Nh4 {[%emt 0:00:16] D11: Slav Defence: 3 Nf3 sidelines and 3...Nf6 4 e3 Bg4.} Bg4 7. h3 Bh5 8. g4 {[%emt 0:00:03] The position is equal.} Bg6 9. g5 Nfd7 10. Nxg6 hxg6 11. e4 $36 {[%emt 0:00:06][%cal Re4d5][%mdl 2048] [#] White has good play.} dxc4 $146 ({Predecessor:} 11... dxe4 12. a3 Rh4 13. Bg2 e5 14. Nxe4 exd4 15. Qxd4 Qa5+ 16. Bd2 Qe5 17. Qxe5+ Nxe5 {0-1 Van Foreest,L (2553)-Benitah,Y (2385) FRA-chT Top 16 Gp Basse 2022 (3.1)}) 12. Bxc4 Nb6 13. Bb3 Bd6 14. Be3 N8d7 15. Qd2 Qc7 16. O-O-O O-O-O 17. Kb1 Rh4 18. Rc1 {[%emt 0:07:47][%cal Oc3b5] Hoping for Nb5!} a6 {[%emt 0:00:19] Prevents Nb5.} 19. Qe2 Rdh8 20. e5 Bb4 (20... Rxh3 $2 21. exd6 Qxd6 22. Ne4 $18) 21. Qf3 (21. d5 $1 $14) 21... Bxc3 $11 22. Rxc3 Nb8 23. d5 Nxd5 $17 (23... exd5 24. Bxb6 Qxb6 25. Qxf7 $18 (25. Qxd5 Qb4 $16)) 24. Bxd5 (24. Rcc1 $17) 24... exd5 $19 25. Qg3 $2 (25. Bf4 $17 {was necessary.}) 25... Nd7 (25... d4 $142 26. Rc4 Qd7) 26. f4 {[%emt 0:02:52] [#]} Nf8 $1 27. Bf2 Qd7 (27... Ne6 $19 28. Rf3 Qa5) 28. Qd3 $2 {[%emt 0:07:03] Loses the game.} (28. Qf3 $17) 28... Rxf4 29. Bg3 Re4 (29... Rxh3 30. Rxh3 Qxh3 31. Bxf4 $18) 30. h4 Ne6 31. Rhc1 Nd4 {[%emt 0:01:21] White must now prevent ...Ne2.} 32. a4 Kd8 33. Re1 Rxe1+ 34. Bxe1 Qf5 35. Ka2 Qxd3 (35... Qxe5 $2 36. Qd2 Nf5 37. Rb3 $19) 36. Rxd3 {[%emt 0:00:01][%mdl 4096] Endgame KRB-KRN} Nf5 37. b4 Re8 ({Inferior is} 37... Nxh4 38. Rh3 $15) 38. Bc3 Nxh4 39. b5 axb5 40. axb5 Kd7 41. Kb3 Nf5 42. Kb4 Kc7 43. Bd2 Rh8 44. bxc6 bxc6 45. Kc5 Ra8 46. Rb3 Ra2 47. e6 Rc2+ 48. Kb4 fxe6 ({Weaker is} 48... Rxd2 49. exf7 c5+ 50. Ka4 (50. Kxc5 Nd4 $11) (50. Kc3 Nd6 $17) 50... Ra2+ 51. Ra3 $16) 49. Bf4+ Kb6 50. Ka3+ Kc5 51. Be5 d4 52. Rb7 Rg2 53. Bf4 Kd5 {[%emt 0:00:55] [#] aiming for ...e5.} 54. Kb3 e5 55. Bc1 Rg3+ 56. Kc2 e4 {[%emt 0:00:11] And now ...Kc4 would win.} 57. Rd7+ Kc4 {[%emt 0:00:07] Weighted Error Value: White=0.37/Black=0.16 (very precise)} 0-1

[Event "European Women-ch 2023"]
[Site "Petrovac"]
[Date "2023.03.27"]
[Round "9.27"]
[White "Pirvulescu, Ekaterina"]
[Black "Zhapova, Yana"]
[Result "0-1"]
[ECO "B13"]
[WhiteElo "2032"]
[BlackElo "2269"]
[Annotator "TA"]
[PlyCount "134"]
[EventDate "2023.03.15"]
[EventType "swiss"]
[EventCountry "MNE"]
[SourceTitle "playchess.com"]
[Source "ChessBase"]
[SourceQuality "1"]
[TimeControl "40/5400+30:1800+30"]

1. e4 c6 2. d4 d5 3. exd5 cxd5 4. Bd3 Nc6 5. c3 Nf6 6. Bf4 Bg4 7. Qb3 Qd7 8. Nd2 e6 9. Ngf3 Bd6 10. Bxd6 Qxd6 11. O-O O-O 12. Rae1 Bxf3 13. Nxf3 Rab8 {[%emt 0:00:34][%cal Ob7b5] B13: Caro-Kann: Exchange Variation and Panov-Botvinnik Attack.} 14. Qc2 b5 15. Qd2 b4 {[%emt 0:09:05] The position is equal.} 16. Ne5 (16. Rc1 {simplifies} Rfc8 17. Rfe1 bxc3 18. Rxc3 Ne7 19. Rxc8+ Rxc8 20. g3) 16... Rfc8 {[%emt 0:02:13] [#]} 17. Qg5 $146 (17. Re3 {simplifies} Rc7 18. Rc1 bxc3 19. bxc3 Qe7 20. Ree1) ({Predecessor:} 17. f4 bxc3 18. bxc3 Qa3 19. Rb1 Ne7 20. Rxb8 Rxb8 21. Rb1 Rxb1+ 22. Bxb1 Nc8 23. c4 {0-1 Hattendorf,J (2041)-Wronn,B (2207) Dresden ZMD op 2006 (8)}) 17... Ne7 (17... bxc3 $15 18. bxc3 Rb2) 18. Re3 $11 {[%emt 0:05:50] Rg3 is the strong threat.} Ne4 {[%emt 0:12:06] Inhibits Rg3.} 19. Bxe4 dxe4 20. Qh5 (20. Rxe4 $2 f6 21. Qg3 fxe5 22. dxe5 Qd5 23. Rxb4 Rxb4 24. cxb4 Qxa2 $19) 20... g6 21. Qg5 (21. Qh4 $1 $11 Nf5 22. Qf6) 21... Nd5 $17 {[%emt 0:07:45][%csl LRc3,LRe3] aiming for ...f6.} 22. Rh3 {[%emt 0:05:56] Black must now prevent Qh4.} f6 $1 23. Qh6 Qe7 $36 {[%emt 0:05:49][%mdl 2048] Keeping White busy.} 24. Nxg6 Qg7 25. Qxg7+ Kxg7 26. Nh4 bxc3 27. bxc3 Rxc3 28. Rxc3 Nxc3 $19 {[%emt 0:00:03][%mdl 4096] Endgame KRN-KRN} 29. g4 (29. f3 {was worth a try.}) 29... Rd8 (29... Nxa2 30. f3) 30. Re1 Rxd4 ({Stronger than} 30... Nxa2 31. Rxe4 Rd6 32. f4 $15 (32. d5 Nc3 $15)) 31. Ng2 Rd2 32. Nf4 e5 ({Inferior is} 32... Nxa2 33. Nxe6+ Kf7 34. Nc5 $11) 33. Nh5+ Kf7 34. a3 Rd1 35. Rxd1 Nxd1 {[%emt 0:00:06] KN-KN} 36. Ng3 e3 37. f3 a5 {[%emt 0:02:38][%cal Ba7a5,Ba5a4][%mdl 32] Strongly threatening ...a4.} 38. Kf1 Nc3 {[%emt 0:00:21] And now ...a4 would win.} 39. Nf5 e2+ 40. Ke1 Ke6 $1 41. Ne3 $2 (41. Ng7+ {is a better defense.} Ke7 42. Nf5+ Ke6 43. Ng3) 41... a4 $1 42. h4 Kd6 $1 43. g5 (43. Nc4+ $142 Kc5 44. Nb2) 43... fxg5 44. hxg5 Kc5 {[%emt 0:05:36] ...Kd4 would be deadly.} 45. Ng4 Kd4 46. Kd2 e4 47. f4 {[%emt 0:03:22] [#]} e3+ $1 48. Ke1 Ke4 49. Nf6+ Kxf4 50. Nxh7 Kf5 51. g6 Kxg6 52. Nf8+ Kf5 53. Nd7 Ke4 54. Nb6 Kd4 55. Nc4 Kd3 $2 (55... Nd5 {mates} 56. Nd6 Nf4 57. Nf5+ Ke4 58. Nxe3 Kd3 59. Kf2 e1=Q+ {[%mdl 64] Deflection} 60. Kxe1 Kxe3 61. Kd1 Kd3 62. Ke1 Ng2+ 63. Kd1 Ne3+ 64. Kc1 Nc4 65. Kb1 Nxa3+ 66. Ka2 Nc2 67. Kb2 Kd2 68. Ka2 Kc3 69. Kb1 a3 70. Ka2 Kb4 71. Kb1 Kb3 72. Kc1 a2 73. Kd2 a1=Q 74. Ke2 Qf6 75. Kd3 Qf3+ 76. Kd2 Qe3+ 77. Kd1 Qe1#) 56. Nb2+ $2 {[%emt 0:01:39][%mdl 8192] [#]} (56. Nb6 $11) 56... Ke4 $1 57. Nc4 Kf3 $2 (57... Nd5 $19 {( -> ...Nf4)} 58. Kxe2 Nf4+ 59. Kd1 e2+ 60. Kd2 Kf3 61. Ne5+ Kf2 62. Ng4+ Kg2) 58. Ne5+ $11 Kf4 (58... Kg3 $5 59. Nc4 $8 Kh2 $11) 59. Nc4 Ke4 {[%emt 0:00:08] Threatens to win with ...Nd1.} 60. Nb2 {[%emt 0:02:55][%mdl 8192] Against Nd1} (60. Nb6 $11 Nb5 61. Nc4 Nd4 62. Nxe3 Kf3 63. Kd2 e1=Q+ {[%mdl 64] Deflection} 64. Kxe1 Kxe3 65. Kd1 Kd3 66. Kc1 Nb5 67. Kb1 Nxa3+ 68. Kc1 Nc2 69. Kb2 Kd2 70. Ka2 a3 71. Kb1 Kc3 72. Ka2 Kc4 73. Kb1 Kb3 74. Kc1 a2 75. Kd2 a1=Q 76. Ke2 Qf6 77. Kd3 Qf3+ 78. Kd2 Qe3+ 79. Kd1 Qe1#) 60... Kf3 {[%emt 0:00:30] Black mates.} 61. Nc4 Nb5 62. Ne5+ Ke4 63. Nc4 {[%emt 0:00:21] [#]} Nd4 $1 64. Nxe3 Kd3 65. Kf2 {[%emt 0:00:26] [#]} e1=Q+ $1 {[%emt 0:00:53][%mdl 576] Deflection} 66. Kxe1 Kxe3 67. Kd1 Kd3 {[%emt 0:00:04] Weighted Error Value: White=0.68/Black=0.18 (very precise)} 0-1

[Event "European Women-ch 2023"]
[Site "Petrovac"]
[Date "2023.03.27"]
[Round "9.28"]
[White "Ibrahimova, Sabina"]
[Black "Koljevic, Nikolina"]
[Result "0-1"]
[ECO "B15"]
[WhiteElo "2207"]
[BlackElo "2042"]
[Annotator "TA"]
[PlyCount "92"]
[EventDate "2023.03.15"]
[EventType "swiss"]
[EventCountry "MNE"]
[SourceTitle "playchess.com"]
[Source "ChessBase"]
[SourceQuality "1"]
[TimeControl "40/5400+30:1800+30"]

1. e4 c6 2. d4 d5 3. Nc3 dxe4 4. Nxe4 Nf6 5. Nxf6+ exf6 6. c3 Bd6 7. Bd3 O-O 8. Qc2 h6 9. Ne2 Qc7 10. Be3 {[%emt 0:01:07] B15: Caro-Kann: 3 Nc3: 3...g6 and 3...dxe4 4 Nxe4 Nf6 5 Nxf6+ exf6.} Nd7 11. Qd2 Re8 12. Ng3 {[%emt 0:01:13] The position is equal.} Bf4 13. O-O Bxe3 14. fxe3 Nf8 15. Rf2 {[%emt 0:04:59] [#]} Bg4 $146 ({Predecessor:} 15... Qe7 16. e4 Be6 17. a3 c5 18. Raf1 cxd4 19. cxd4 Ng6 20. d5 Bg4 21. Rc1 Rac8 {0-1 Asztalos,L-Nimzowitsch,A Bled International 1931 (10)}) 16. Raf1 h5 (16... Rad8 $14) 17. Nf5 Ne6 (17... Nd7 {was called for.} 18. e4 Bxf5 19. Rxf5 c5) 18. e4 $18 c5 $2 (18... Bxf5 {was necessary.} 19. Rxf5 Qb6) 19. d5 $2 (19. Nh6+ $1 $18 gxh6 20. Qxh6) 19... Bxf5 $16 20. Rxf5 {[%emt 0:08:21] And now e5 would win.} Ng5 21. R1f4 (21. e5 $16 Rxe5 22. d6 Qxd6 23. Rxg5) 21... c4 $11 22. Bb1 Rad8 23. Qc1 Rd6 24. Rh4 $1 g6 $36 {[%emt 0:01:03][%mdl 2048] Black has the initiative.} 25. Rf1 Re5 $1 26. Rhf4 {[%emt 0:05:47] [#]} (26. Qd2 $15) 26... Qe7 $1 $17 {[%emt 0:03:46][%cal Rg5e4] Black is much more active.} 27. Qc2 {[%emt 0:00:30] [#]} (27. Qe3 $17 Rexd5 28. Rxf6 (28. Qxa7 Rd1 $17) (28. h4 Nh7 $17)) 27... f5 $1 $19 28. exf5 (28. Qa4 {might work better.}) 28... Re2 29. Qc1 {[%emt 0:02:48] aiming for fxg6.} Nh3+ $1 {[%emt 0:00:36][%mdl 64] Double Attack} 30. Kh1 (30. gxh3 $142 Qg5+ 31. Rg4 Qxc1 32. Rxc1 hxg4 33. hxg4) 30... Nxf4 31. Qxf4 Qe5 (31... Rxb2 $2 32. fxg6 fxg6 33. Qxc4 $19) 32. Qxc4 Re1 {[%emt 0:04:29] Strongly threatening ...b5.} (32... Rxb2 33. fxg6 fxg6 34. Qc8+ Kh7 35. c4 $19) 33. h3 (33. fxg6 $2 Rf6 34. gxf7+ Rxf7) 33... Rxf1+ (33... Rxd5 34. fxg6 fxg6 35. Qc8+ (35. Bxg6 $2 Kg7 $19) 35... Qe8 36. Qxe8+ (36. Qxb7 $2 Rxf1+ 37. Kh2 Qe5+ 38. g3 Qe2#) 36... Rxe8 37. Bxg6 $17) 34. Qxf1 Qxd5 {[%emt 0:00:22][%mdl 4096] Endgame White must now prevent ...Qd1. KQR-KQB} (34... Rxd5 35. fxg6 f6 36. Bd3 $17) 35. Bc2 {[%emt 0:01:08] Dodges Qd1} Rf6 (35... Qxa2 36. fxg6 Kg7 37. gxf7 Qxf7 38. Qe1 $17) 36. Qf4 Kg7 ({Not} 36... gxf5 37. Qg5+ Rg6 38. Qxg6+ fxg6 39. Bb3 $15) 37. c4 Qa5 38. Qd4 Qe1+ ({Inferior is} 38... Qxa2 39. fxg6 Qa1+ 40. Kh2) (38... gxf5 39. Bd1) 39. Kh2 h4 40. Qxa7 $2 (40. Be4) 40... Qg3+ $2 (40... Qe2 41. Qd4 Qxc2 42. fxg6 fxg6) 41. Kg1 $2 (41. Kh1 b6 42. Qa3 (42. Qe7 $2 gxf5 43. Ba4 Re6 $19)) 41... Qe1+ 42. Kh2 Qe5+ {[%emt 0:00:16] Black is clearly winning.} 43. Kh1 Qxb2 44. Qa4 Ra6 45. Qb3 Rxa2 {[%emt 0:01:55] ( -> ...Ra1+)} 46. f6+ Kxf6 {[%emt 0:03:14] Quite a comeback for Black.   Weighted Error Value: White=0.80/Black=0.60} 0-1